 Dungeon Crawl Stone Soup version 0.30.0-20-g3615ddf2f0 (webtiles) character file.

Game seed: 4747939599353482151

67 qw the Chopper (level 4, -1/28 HPs)
             Began as a Gargoyle Fighter on May 31, 2023.
             Slain by a gnoll
             ... wielding a +0 flail
              (10 damage)
             ... on level 2 of the Dungeon.
             The game lasted 00:00:38 (754 turns).

qw the Chopper (Gargoyle Fighter)                    Turns: 754, Time: 00:00:39

Health: -1/28      AC: 11    Str: 22    XL:     4   Next: 18%
Magic:  4/4        EV:  9    Int:  8    God:
Gold:   93         SH:  4    Dex:  9    Spells: 3/3 levels left

rFire   . . .        Y - +0 war axe
rCold   . . .        c - +0 buckler
rNeg    + . .        b - +0 scale mail
rPois   inf          i - +0 helmet
rElec   +            (no cloak)
rCorr   .            (no gloves)
SInv    .            (no boots)
Will    .....        (no amulet) Stlth
                     (no ring)
HPRegen 0.24/turn    (no ring)
MPRegen 0.09/turn

%: no passive effects
@: no status effects
A: sickness immunity, AC +3, negative energy resistance 1, electricity
resistance, torment resistance 1, petrification resistance
a: no special abilities


You were on level 2 of the Dungeon.
You visited 1 branch of the dungeon, and saw 2 of its levels.

You collected 93 gold pieces.


Innate Abilities, Weirdness & Mutations

You are immune to sickness and miasma.
Your stone body is resilient. (AC +3)
You are immune to poison.
You resist negative energy. (rN+)
You are resistant to electric shocks. (rElec)
You are resistant to unholy torment.
You are immune to petrification.


   Skills:
 - Level 3.2 Fighting
 + Level 3.9 Axes
 - Level 3.2 Armour
 - Level 3.2 Shields


You had 3 spell levels left.
You didn't know any spells.
Your spell library was empty.

Inventory:

Hand Weapons
 e - a +0 club
 Y - a +0 war axe (weapon)
Missiles
 q - 6 boomerangs (quivered)
Armour
 b - a +0 scale mail (worn)
 c - a +0 buckler (worn)
 i - a +0 helmet (worn)
Scrolls
 a - a scroll of teleportation {unknown}
 f - a scroll of vulnerability {unknown}
Potions
 d - a potion of might
 g - a potion of mutation {unknown}
 h - a potion of invisibility {unknown}
 j - a potion of heal wounds {unknown}
 k - a potion of attraction {unknown}
 n - a potion of curing {unknown}
 p - a potion of magic {unknown}

Dungeon Overview and Level Annotations

Branches:
Dungeon (2/15)

Altars:


Message History

The adder closely misses you. The adder barely misses you.
You barely miss the adder.
The adder is moderately wounded.
The adder bites you but does no damage. The adder closely misses you.
You slash the adder!
You kill the adder!
You have reached level 4!
You feel stronger.
A gnoll comes into view. It is wielding a +6 spear.
Found a stone staircase leading down.
The gnoll shouts!
You hear a shout!
You see here 5 javelins.
Enter note: A gnoll comes into view. It is wielding a +0 flail.
Enter note: A gnoll comes into view. It is wielding a +0 spear.
Found an escape hatch in the floor.
The gnoll shouts!
You hear a shout!
The gnoll hits you with a +6 spear.
The gnoll moves out of view.
Enter note: You closely miss the gnoll.
The gnoll closely misses you.
You hit the gnoll but do no damage. You block the gnoll's attack.
A hobgoblin comes into view.
You closely miss the gnoll. You block the gnoll's attack.
You barely miss the gnoll. The gnoll hits you with a +6 spear.
The gnoll hits you but does no damage. You block the gnoll's attack.
You slash the gnoll!
You kill the gnoll!
You barely miss the gnoll.
A ball python comes into view.
The gnoll hits you with a +0 flail. The gnoll hits you but does no damage.
The ball python moves out of view.
You barely miss the gnoll. The gnoll hits you with a +0 flail.
You block the gnoll's attack.
You hit the gnoll but do no damage.
The gnoll hits you but does no damage. x2; The gnoll hits you with a +0 flail!
You die...

##..#####..
...#.....###..### .
#................# #.
..##................##..
....................#..#
...>..g................#
.....gg.................
......)@................
...........)............
.......#..(#............
...........#...%<.......
>......#.#......%.......
#.#.##.#.#.#####......).
# ## #.#...#####........
#.###..............
#..####..)....[


You could see 2 gnolls and a hobgoblin.

Vanquished Creatures
  A gnoll (D:2)
  2 adders (D:2)
  2 dart slugs (D:1)
  5 ball pythons
  5 endoplasms
  5 goblins
  2 hobgoblins (D:2)
  2 quokkas (D:1)
  2 bats (D:1)
  3 frilled lizards (D:1)
  3 kobolds
  5 rats (D:1)
37 creatures vanquished.

Notes
Turn   | Place    | Note
-------+----------+-------------------------------------------
     0 | D:1      | qw the Gargoyle Fighter began the quest for the Orb.
     0 | D:1      | Reached XP level 1. HP: 14/14 MP: 1/1
     0 | D:1      | 0 ||| qw: Version: 0.2-a-102-gfc559e5
     0 | D:1      | 0 ||| qw: Game counter: 550
     0 | D:1      | 0 ||| qw: Always use a shield: true
     0 | D:1      | 0 ||| qw: God list: Okawaru
     0 | D:1      | 0 ||| qw: Allow faded altars: false
     0 | D:1      | 0 ||| qw: Do Orc after D:15 true
     0 | D:1      | 0 ||| qw: Do second Lair branch before Depths: true
     0 | D:1      | 0 ||| qw: Lair rune preference: random
     0 | D:1      | 0 ||| qw: Plans: Normal, Zot:1-4, Slime:5, God:TSO, Crypt,
                  | Tomb, Pan, Hells, Abyss, Win
     0 | D:1      | 0 ||| PLANNING D:1-11
    37 | D:1      | 37 ||| FLEEEEING.
    38 | D:1      | 38 ||| FLEEEEING.
    39 | D:1      | 39 ||| FLEEEEING.
    40 | D:1      | 40 ||| FLEEEEING.
    41 | D:1      | 41 ||| FLEEEEING.
    42 | D:1      | 42 ||| FLEEEEING.
    75 | D:1      | Reached XP level 2. HP: 19/19 MP: 2/2
   346 | D:1      | 346 ||| Stepping ~*~*~tactically~*~*~ (hiding).
   355 | D:1      | Reached skill level 3 in Axes
   480 | D:1      | 480 ||| Stepping ~*~*~tactically~*~*~ (stealth).
   486 | D:1      | Reached XP level 3. HP: 23/23 MP: 3/3
   625 | D:1      | 625 ||| UPGRADING to +0 helmet.
   630 | D:1      | 630 ||| READING scroll labelled OHAKENAAME.
   631 | D:1      | 631 ||| READING scroll labelled NUEKOATISH.
   632 | D:1      | 632 ||| READING scroll labelled IKLAOT FAAL.
   633 | D:1      | 633 ||| READING scroll labelled OTUCKILAAJ.
   656 | D:2      | 656 ||| STAIRDANCE
   744 | D:2      | Reached XP level 4. HP: 28/28 MP: 4/4
   754 | D:2      | Slain by a gnoll

Levels and vault maps discovered:
D:1:      dpeg_arrival_rhombus, layout_rooms, minmay_octomino_c4
D:2:      layout_rooms, basic_altar, grunt_decor_fettered

Skill      XL: |  1  2 |
---------------+-------+-----
Axes           | 2 3 |  3.9
Fighting       | |  3.2
Armour         | |  3.2
Shields        | |  3.2

Action                     |  1- 3 |  4- 6 || total
---------------------------+-------+-------++-------
  Melee: War axe           |    95 |     7 ||   102
  Throw: Boomerang         |    11 |       ||    11
    Use: Scroll            |     4 |       ||     4
 Armour: Scale mail        |    40 |     4 ||    44
  Dodge: Dodged            |    50 |     1 ||    51
  Block: Buckler           |    18 |     4 ||    22

Table legend:
 A = Non-vault XP
 B = Vault XP
 C = Vault XP percentage of total XP
 D = Non-vault monster count
 E = Vault monster count
 F = Vault count percentage of total count
                 A         B        C        D         E       F
            +---------+---------+-------+---------+---------+-------
      Total |      91 |       6 |   6.2 |      33 |       4 |  10.8
            +---------+---------+-------+---------+---------+-------
        D:1 |      38 |       6 |  13.6 |      23 |       4 |  14.8
        D:2 |      53 |       0 |   0.0 |      10 |       0 |   0.0
            +---------+---------+-------+---------+---------+-------
